 Dungeon Crawl Stone Soup version 0.24-a0-539-g6aae15eeb0 (webtiles) character file.

Game seed: 13985759984484309211

33 FishyPogo the Sneak (level 3, -4/24 HPs)
             Began as a Vampire Enchanter on Aug 17, 2019.
             Slain by a worker ant (7 damage)
             ... on level 2 of the Dungeon on Oct 4, 2019.
             The game lasted 00:05:28 (922 turns).

FishyPogo the Sneak (Vampire Enchanter)              Turns: 922, Time: 00:05:28

Health: -4/24      AC:  2    Str:  7    XL:     3   Next: 12%
Magic:  5/6        EV: 13    Int: 17    God:
Gold:   95         SH:  0    Dex: 15    Spells: 5/6 levels left

rFire    . . .     SeeInvis +   a - +2 dagger
rCold    . . .     Gourm    .   (no shield)
rNeg     . . .     Faith    .   b - +0 robe
rPois    .         Spirit   .   (no helmet)
rElec    .         Reflect  .   (no cloak)
rCorr    .         Harm     .   (no gloves)
MR       .....                  (no boots)
Stlth    +++.......             (no amulet)
HPRegen  0.28/turn              (no ring)
MPRegen  0.10/turn              (no ring)

@: lethally poisoned (-4 -> -8), regenerating quickly
A: no food, fangs 3, see invisible, unbreathing
a: Exsanguinate


You were on level 2 of the Dungeon.
You were alive.

You visited 1 branch of the dungeon, and saw 3 of its levels.

You collected 95 gold pieces.

Inventory:

Hand Weapons
 a - a +2 dagger (weapon)
Missiles
 h - 14 stones (quivered)
Armour
 b - a +0 robe (worn)
Scrolls
 c - 2 scrolls of remove curse {unknown}
 d - a scroll of magic mapping
 i - a scroll of random uselessness {unknown}
 k - a scroll of enchant armour {unknown}
Potions
 e - a potion of brilliance {unknown}


   Skills:
 + Level 1.7 Short Blades
 + Level 2.5 Dodging
 * Level 5.2 Stealth
 + Level 2.2 Spellcasting
 + Level 4.7 Hexes


You had 5 spell levels left.
You knew the following spells:

 Your Spells              Type           Power        Failure   Level  Hunger
a - Corona                Hex            ###....      2%          1    N/A

Your spell library contained the following spells:

 Spells                   Type           Power        Failure   Level  Hunger
 Confuse                  Hex            ###.....     8%          3    N/A
 Tukima's Dance           Hex            ###.....     8%          3    N/A
 Ensorcelled Hibernation  Hex/Ice        ##....       11%         2    N/A
 Dazzling Spray           Conj/Hex       ##....       22%         3    N/A

Dungeon Overview and Level Annotations

Branches:
Dungeon (3/15)

Altars:


Innate Abilities, Weirdness & Mutations

You do not eat.
Your natural rate of healing is unusually fast.
You have razor-sharp teeth.
You have supernaturally acute eyesight. (SInv)
You can survive without breathing.


Message History

The worker ant is lightly wounded.
You feel sick. The worker ant barely misses you. The worker ant misses you.
You hit the worker ant but do no damage.
The worker ant is lightly wounded.
The worker ant bites you.
You are more poisoned.
The worker ant poisons you!
You hit the worker ant but do no damage.
You feel sick. The worker ant bites you.
* * * LOW HITPOINT WARNING * * *
You hit the worker ant but do no damage.
* * * LOW HITPOINT WARNING * * *
You feel sick. The worker ant bites you.
* * * LOW HITPOINT WARNING * * *
As you read the scroll labeled QIASTE VAANURE, it crumbles to dust.
It is a scroll of enchant weapon.
Your +1 dagger glows red for a moment.
* * * LOW HITPOINT WARNING * * *
You feel sick. The worker ant bites you!
You die...

#......# #.#....#.
#......#####.#.##.#. ##
#.....%......#.#..#. ...
#####........#.#..#.
...#### #........#.#.###
....... #........#......
....... #........###.###
....... ###........# #.#..
..a....##@.........# #....
.........a....####.#######
..........................
.......##......#.#.#......
####### #....#.#.#.#......
######...#.#......
##..#.#...... #...........
#^..........


You could see a worker ant.

Vanquished Creatures
  An adder (D:2)
  A leopard gecko (D:2)
  2 bats
  A giant cockroach (D:3)
  6 goblins
  3 hobgoblins
  2 kobolds (D:1)
  3 frilled lizards (D:1)
  3 rats (D:1)
22 creatures vanquished.

Notes
Turn   | Place    | Note
-------+----------+-------------------------------------------
     0 | D:1      | FishyPogo the Vampire Enchanter began the quest for the
                  | Orb.
     0 | D:1      | Reached XP level 1. HP: 13/13 MP: 3/3
   220 | D:1      | Reached XP level 2. HP: 13/19 MP: 5/5
   764 | D:2      | Reached skill level 5 in Stealth
   804 | D:2      | Reached XP level 3. HP: 5/24 MP: 6/6
   922 | D:2      | Slain by a worker ant

Levels and vault maps discovered:
D:1:      wander_arrival_desolate, layout_loops_cross
D:2:      layout_basic, overflow_temple_1_default
D:3:      layout_basic, first_ration, chequers_serial_rivers_large_a,
          minmay_misc_feat_chi, nicolae_ru_awakened_eye

Skill      XL: |  1  2 |
---------------+-------+-----
Stealth        | 5 |  5.2
Short Blades   | |  1.7
Dodging        | |  2.5
Spellcasting   | |  2.2
Hexes          | |  4.7

Action                   || total
-------------------------++-------
Melee: Dagger            ||    85
       Bite              ||    10
 Cast: Corona            ||     5
  Use: Potion            ||     2
       Scroll            ||     2
 Stab: Sleeping          ||     5
Armor: Robe              ||    16
Dodge: Dodged            ||    48

Table legend:
 A = Non-vault XP
 B = Vault XP
 C = Vault XP percentage of total XP
 D = Non-vault monster count
 E = Vault monster count
 F = Vault count percentage of total count
                 A         B        C        D         E       F
            +---------+---------+-------+---------+---------+-------
      Total |      48 |       0 |   0.0 |      22 |       0 |   0.0
            +---------+---------+-------+---------+---------+-------
        D:1 |      23 |       0 |   0.0 |      15 |       0 |   0.0
        D:2 |      23 |       0 |   0.0 |       6 |       0 |   0.0
        D:3 |       2 |       0 |   0.0 |       1 |       0 |   0.0
            +---------+---------+-------+---------+---------+-------
